 Dungeon Crawl Stone Soup version 0.31.0-11-ge490571c62 (webtiles) character file.

Game seed: 5481977826389456946

27 javelincjr the Changeling (level 2, -4/21 HPs)
             Began as a Demonspawn Shapeshifter on Jan 31, 2024.
             Slain by a gnoll
             ... wielding a +0 club
              (6 damage)
             ... on level 1 of the Dungeon.
             The game lasted 00:02:17 (1190 turns).

javelincjr the Changeling (Demonspawn Shapeshifter) Turns: 1190, Time: 00:02:17

Health: -4/21      AC:  2    Str: 14    XL:     2   Next: 93%
Magic:  2/2        EV: 12    Int: 10    God:
Gold:   26         SH:  0    Dex: 12    Spells: 1/1 levels left

rFire   . . .        k - +6 rapier
rCold   . . .        (no shield)
rNeg    . . .        a - +0 animal skin
rPois   .            (helmet currently unavailable)
rElec   .            (cloak currently unavailable)
rCorr   .            (gloves currently unavailable)
SInv    .            (boots currently unavailable)
Will    .....        (no amulet)
Stlth   +            (no ring)
HPRegen 0.23/turn    (no ring)
MPRegen 0.08/turn

%: no passive effects
@: beast-form
A: beast (slay +1), demonic touch 1
a: Begin Untransformation


You were on level 1 of the Dungeon.
You were a hulking beast.
You visited 1 branch of the dungeon, and saw 2 of its levels.

You collected 26 gold pieces.

Inventory:

Hand Weapons
 k - a +6 rapier (weapon)
Missiles
 e - 4 stones (quivered)
Armour
 a - a +0 animal skin (worn)
Talismans
 c - a beast talisman
 d - a flux talisman
Potions
 b - a potion of lignification
 i - 2 potions of heal wounds
 j - a potion of invisibility


   Skills:
 + Level 1.5 Fighting
 + Level 2.1 Dodging
 + Level 2.9 Unarmed Combat
 * Level 3.1 Shapeshifting


You had one spell level left.
You didn't know any spells.
Your spell library contained the following spells:

 Spells                   Type           Power      Damage    Failure   Level
 Magic Dart               Conj           0%         1d3       36%         1
 Blink                    Tloc           0%         N/A       50%         2
 Call Imp                 Summ           0%         N/A       50%         2


Dungeon Overview and Level Annotations

Branches:
Dungeon (2/15)

Altars:


Innate Abilities, Weirdness & Mutations

You are a hulking beast.
Your limbs bulge with bestial killing power. (Slay +1)
Your touch may inflict minor irresistible damage on your foes.


Message History

There is a stone staircase leading up here.
There are monsters nearby!
You hit the frilled lizard.
You kill the frilled lizard!
A gnoll comes into view. It is wielding a +0 club.
A goblin comes into view.
It is wielding a +1 dagger of holy wrath.
A gnoll comes into view. It is wielding a +0 whip.
You barely miss the rat.
The goblin shouts!
The gnoll shouts!
You touch the rat.
You kill the rat!
Found an escape hatch in the ceiling.
The goblin closely misses you.
You hit the goblin.
The goblin is moderately wounded.
A gnoll comes into view. It is wielding a +0 whip.
The goblin hits you with a +1 dagger of holy wrath.
You convulse.
You puncture the goblin!
You kill the goblin!
The gnoll hits you with a +0 club.
You are too injured to fight recklessly!
You are too injured to fight recklessly!
Unknown command.
The gnoll attacks as it pursues you! The gnoll hits you with a +0 club.
* * * LOW HITPOINT WARNING * * *
The gnoll attacks as it pursues you! The gnoll misses you.
There is a stone staircase leading up here.
The gnoll misses you.
You climb upwards.
There is a stone staircase leading down here.
You are too injured to fight recklessly!
You are too injured to fight recklessly!
You hit the gnoll.
The gnoll is moderately wounded.
The gnoll barely misses you. The gnoll hits you with a +0 club.
* * * LOW HITPOINT WARNING * * *
You hit the gnoll.
The gnoll is severely wounded.
The gnoll hits you with a +0 club.
You die...

#..##.#.#.....##.###
#..##.#.............
#.............#..##.
#...#.#.##.......##.
#.....#.###.#.......
##..#.#...........#.
#....#########.##.#
##.### #.###. #h##
#.# ## #.g# ##'##
##.# ##...## #.##
##.....## #..##
##.......#
##...####.........
#.......+.........
##...####.........
#...## ##.......#


You could see a gnoll.

Vanquished Creatures
  3 bats (D:1)
  A giant cockroach (D:1)
  5 hobgoblins (D:1)
  3 quokkas (D:1)
  3 ball pythons (D:1)
  2 frilled lizards
  3 goblins
  A kobold (D:1)
  3 rats
24 creatures vanquished.

Notes
Turn   | Place    | Note
-------+----------+-------------------------------------------
     0 | D:1      | javelincjr the Demonspawn Shapeshifter began the quest for
                  | the Orb.
     0 | D:1      | Reached XP level 1. HP: 15/15 MP: 1/1
   257 | D:1      | Gained mutation: Your touch may inflict minor irresistible
                  | damage on your foes. [demonic ancestry]
   257 | D:1      | Reached XP level 2. HP: 18/21 MP: 2/2
   622 | D:1      | Reached skill level 3 in Shapeshifting
  1190 | D:1      | Slain by a gnoll

Illustrated notes

Levels and vault maps discovered:
D:1:      heliophobic_arrival_dark_side_of_the_moon, layout_loops_corners
D:2:      layout_rooms, serial_shops, shop

Skill      XL: |  1  2 |
---------------+-------+-----
Dodging        | 2 |  2.1
Shapeshifting  | 3 |  3.1
Fighting       | |  1.5
Unarmed Combat | |  2.9

Action                     || total
---------------------------++-------
  Melee: Unarmed           ||    64
         Rapier            ||     6
         Touch             ||     5
         Punch             ||     1
    Use: Scroll            ||     5
   Stab: Sleeping          ||     1
 Armour: Animal skin       ||    34
  Dodge: Dodged            ||    42
